 Dungeon Crawl Stone Soup version 0.29-a0-233-g1125b37a9b (webtiles) character file.

Game seed: 7504663202702087271

28 brightshaft the Skirmisher (level 2, -1/26 HPs)
             Began as a Draconian Fighter on Mar 1, 2022.
             Slain by a kobold
             ... wielding a +0 whip
              (2 damage)
             ... on level 2 of the Dungeon.
             The game lasted 00:02:35 (1519 turns).

brightshaft the Skirmisher (Draconian Fighter)      Turns: 1519, Time: 00:02:35

Health: -1/26      AC:  4    Str: 18    XL:     2   Next: 96%
Magic:  2/2        EV: 12    Int:  8    God:
Gold:   76         SH:  4    Dex: 10    Spells: 1/1 levels left

rFire   . . .      SeeInvis .   a - +0 long sword
rCold   . . .      Faith    .   b - +0 buckler
rNeg    . . .      Spirit   .   (body armour unavailable)
rPois   .          Reflect  .   (helmet restricted)
rElec   .          Harm     .   (no cloak)
rCorr   .          Rampage  .   (no gloves)
Will    .....                   (no boots)
Stlth   +.........              (no amulet)
HPRegen 0.08/turn               (no ring)
MPRegen 0.08/turn               (no ring)

@: lethally poisoned (-1 -> -10)
A: AC +4, unfitting armour, cold-blooded
a: no special abilities


You were on level 2 of the Dungeon.
You visited 1 branch of the dungeon, and saw 2 of its levels.

You collected 76 gold pieces.

Inventory:

Hand Weapons
 a - a +0 long sword (weapon)
Armour
 b - a +0 buckler (worn)
Scrolls
 d - a scroll of silence {unknown}
Potions
 c - a potion of might
 e - a potion of attraction {unknown}


   Skills:
 + Level 3.6 Fighting
 * Level 2.6 Long Blades
 + Level 3.0 Dodging
 + Level 3.2 Shields


You had one spell level left.
You didn't know any spells.
Your spell library was empty.

Dungeon Overview and Level Annotations

Branches:
Dungeon (2/15)

Altars:


Innate Abilities, Weirdness & Mutations

Your plain brown scales are hard. (AC +4)
You cannot fit into any form of body armour.
You are cold-blooded and may be slowed by cold attacks.


Message History

You block the bat's attack. The bat hits you but does no damage.
You closely miss the bat.
The bat is moderately wounded.
The bat hits you but does no damage. The kobold misses you.
You block the bat's attack.
You hit the bat.
You kill the bat!
The kobold closely misses you. The kobold misses you.
You hit the kobold.
You kill the kobold!
The kobold misses you.
You slash the worm!
The worm is heavily wounded.
The kobold hits you but does no damage.
You are poisoned.
The worm bites you.
You slash the worm!
You kill the worm!
You feel sick. You block the kobold's attack. The kobold closely misses you.
You block the kobold's attack. The kobold hits you but does no damage.
You are more poisoned.
Your Dodging skill increases to level 3!
You closely miss the kobold.
You feel very sick. The kobold hits you with a +0 whip.
The kobold hits you with a +0 dagger of venom.
You are lethally poisoned!
You are too injured to fight recklessly!
You are too injured to fight recklessly!
You are too injured to fight recklessly!
You are too injured to fight recklessly!
You are too injured to fight recklessly!
* * * LOW HITPOINT WARNING * * *
You feel very sick.
You see here a bat corpse.
* * * LOW HITPOINT WARNING * * *
You feel very sick.
* * * LOW HITPOINT WARNING * * *
You feel sick. The kobold hits you with a +0 whip.
You die...

## ########## .#
#........#
.########.######.#
..........#
#.###### #
###########
#@.#[..#.## #
#.K........
....#.K...#..#
#......)#..# .#
#..#......#.# ..#
#..#...#.....# ..#
#. #.......### ..#
#. #.....#... #.#
# #..#...#.##


You could see 2 kobolds.

Vanquished Creatures
  A worm (D:2)
  3 bats
  An endoplasm (D:2)
  A hobgoblin (D:1)
  3 jackals (D:1)
  A quokka (D:1)
  A ball python (D:1)
  2 frilled lizards (D:1)
  4 goblins
  4 kobolds (D:2)
  4 rats
25 creatures vanquished.

Notes
Turn   | Place    | Note
-------+----------+-------------------------------------------
     0 | D:1      | brightshaft the Draconian Fighter began the quest for the
                  | Orb.
     0 | D:1      | Reached XP level 1. HP: 19/19 MP: 1/1
   228 | D:1      | Reached XP level 2. HP: 23/26 MP: 2/2
   819 | D:1      | Found a faded altar of an unknown god.
  1519 | D:2      | HP: 1/26 [poisoned by a kobold]
  1519 | D:2      | Slain by a kobold

Illustrated notes

Levels and vault maps discovered:
D:1:      onia_arrival_pyramid, layout_basic,
          hellmonk_ecumenical_altar_inner_sanctum
D:2:      layout_loops_ring, minmay_increasing_density

Skill      XL: |  1  2 |
---------------+-------+-----
Dodging        | 3 |  3.0
Fighting       | |  3.6
Long Blades    | |  2.6
Shields        | |  3.2

Action                   || total
-------------------------++-------
Melee: Unarmed           ||    37
       Long sword        ||    57
       Tailslap          ||    11
Armor: Skin              ||    20
Dodge: Dodged            ||    62
Block: Buckler           ||    24

Table legend: (Time is in decaauts)
 A = Elapsed time spent in this place.
 B = Non-inter-level travel time spent in this place.
 C = Inter-level travel time spent in this place.
 D = Time resting spent in this place.
 E = Time spent auto-exploring this place.
 F = Levels seen in this place.
 G = Mean time per level.
                   A        B        C        D        E       F      G
               +--------+--------+--------+--------+--------+-----+--------+
         Total |   1538 |   1505 |     33 |      0 |   1272 |   2 |  769.0 |
       Dungeon |   1538 |   1505 |     33 |      0 |   1272 |   2 |  769.0 |
               +--------+--------+--------+--------+--------+-----+--------+

Top non-repeatable levels by time:
     D:1: 976 daAuts
     D:2: 562 daAuts
